 Dungeon Sprint DCSS version 0.29-a0-320-g9f8742066b (webtiles) character file.

Game seed: 11781341340958145358

8521 mhtbhm the Brawler (level 11, -40/119 HPs)
             Began as a Troll Berserker on Apr 3, 2022.
             Was a High Priest of Trog.
             Annihilated by an orc knight
             ... wielding a +0 bardiche
              (51 damage)
             ... in the Dungeon (Sprint IX: "|||||||||||||||||||||||||||||").
             The game lasted 00:03:37 (1157 turns).

mhtbhm the Brawler (Troll Berserker)                Turns: 1157, Time: 00:03:37

Health: -40/119    AC:  7    Str: 31    XL:     11   Next: 11%
Magic:  10/10      EV: 14    Int:  6    God:    Trog [*****.]
Gold:   698        SH:  0    Dex: 12    Spells: 10/10 levels left

rFire   . . .      SeeInvis .     - Unarmed
rCold   . . .      Faith    .   (no shield)
rNeg    . . .      Spirit   .   a - +2 robe
rPois   .          Reflect  .   (helmet restricted)
rElec   .          Harm     .   t - +0 cloak
rCorr   .          Rampage  .   (gloves unavailable)
Will    .....      NoTele   +   (boots unavailable)
Stlth   +.........              (no amulet)
HPRegen 1.09/turn               j - +3 ring of dexterity
MPRegen 0.12/turn               k - +3 ring of intelligence

@: on berserk cooldown, slowed, very slow
A: large, unfitting armour, claws 3, regeneration 1, shaggy fur 1, tough skin 1
a: Renounce Religion, Berserk, Trog's Hand, Brothers in Arms


You were in the Dungeon.
You worshipped Trog.
Trog was extremely pleased with you.
You visited 1 branch You collected 698 gold pieces.

Inventory:

Hand Weapons
 g - a +1 giant spiked club of flaming
Armour
 a - a +2 robe (worn)
 t - a +0 cloak (worn)
Jewellery
 j - a +3 ring of dexterity (left claw)
 k - a +3 ring of intelligence (right claw)
Wands
 i - a wand of iceblast (8)
Scrolls
 p - a scroll of blinking
 q - a scroll of identify
 r - 4 scrolls of enchant weapon
 s - a scroll of fog
Potions
 b - 4 potions of curing
 c - 4 potions of heal wounds
 d - a potion of haste
 e - 4 potions of magic
 f - a potion of berserk rage
 h - a potion of invisibility
 m - a potion of might
 n - a potion of resistance
 o - 2 potions of mutation


   Skills:
 + Level 10.6 Fighting
 + Level 12.7 Dodging
 + Level 0.1 Stealth
 + Level 19.4 Unarmed Combat
 + Level 1.3 Evocations


You had 10 spell levels left.
You didn't know any spells.
Your spell library was empty.

Dungeon Overview and Level Annotations

Branches:
Dungeon (1/1)

Altars:
Cheibriados
Dithmenos
Elyvilon
Fedhas
Gozag
Hepliaklqana
Kikubaaqudgha
Makhleb
Nemelex Xobeh
Okawaru
Qazlal
Ru
Sif Muna
Trog
Uskayaw
Vehumet
Wu Jian
Xom
Yredelemnul
Zin
The Shining One
Beogh
Jiyva
Lugonu


Innate Abilities, Weirdness & Mutations

You are too large for most types of armour.
You have claws for hands.
Your natural rate of healing is unusually fast.
You are covered in fur. (AC +1)
You have tough skin. (AC +1)


Message History

Your cyclops hits the orc knight!!
The orc knight hits your cyclops with a +0 bardiche!!!
Your cyclops dies!
Your cyclops's corpse disappears in a puff of smoke!
Items here: $ ) [ †.
Unknown command.
Okay, then.
Press: ? - help, v - describe, . - travel, g - get item
Here: an orc knight, wielding a +0 bardiche and wearing a +0 chain mail (heavily wounded, strong) Item here: 50 gold pieces.
The floor, spattered with blood.
Unknown command.
Throw: dart (curare)
Press: ? - help, Q - select action, (/) - cycle Shift-Dir - straight line, f - orc knight
Aim: an orc knight, wielding a +0 bardiche and wearing a +0 chain mail (heavily wounded, strong, 60% to hit)
You throw a curare-tipped dart.
The curare-tipped dart closely misses the orc knight.
The curare-tipped dart closely misses the orc knight.
The curare-tipped dart barely misses the orc warrior.
The curare-tipped dart hits the orc warrior.
The orc warrior is poisoned.
The orc warrior convulses.
The orc warrior seems to slow down.
The orc warrior is moderately wounded.
Unknown command.
Okay, then.
Your cyclops goes berserk!
The orc knight hits you from afar with a +0 bardiche!
* * * LOW HITPOINT WARNING * * *
The orc knight hits you from afar with a +0 bardiche!!
* * * LOW HITPOINT WARNING * * *
Unknown command.
Unknown command.
Things that are here:
a +0 trident; a +0 chain mail; 50 gold pieces You swap places.
The orc knight no longer looks unusually strong.
The orc warrior no longer looks unusually strong.
Your cyclops closely misses the orc knight.
The orc knight hits you from afar with a +0 bardiche!!!
You die...

▓▓▓▓▓▓▓▓▓▓▓▓▓▓▓▓▓▓▓▓▓▓▓▓▓▓▓▓
oo.oo$oo)oC@....)))))))))'..
▓▓▓▓▓▓▓▓▓▓▓▓▓▓▓▓▓▓▓▓▓▓▓▓▓▓▓▓▓▓▓▓▓
.................................
▓▓▓▓▓▓▓▓▓▓▓▓▓▓▓▓▓▓▓▓▓▓▓▓▓▓▓▓▓▓▓▓▓
)†'.......††')........÷†......[..
▓▓▓▓▓▓▓▓▓▓▓▓▓▓▓▓▓▓▓▓▓▓▓▓▓▓▓▓▓▓▓▓▓
.................................
▓▓▓▓▓▓▓▓▓▓▓▓▓▓▓▓▓▓▓▓▓▓▓▓▓▓▓▓▓▓▓▓▓
?.'________________________'...††


You could see 2 orc knights, 2 orc warriors and a friendly cyclops (summoned,
berserk).

Vanquished Creatures
  A hydra (D)
  A goliath frog (shapeshifter) (D)
  An ugly thing (D)
  2 black mambas (D)
  A torpor snail (D)
  2 cane toads (D)
  2 komodo dragons (D)
  Psyche (D)
  A tengu conjurer (D)
  A troll (D)
  2 tyrant leeches (D)
  A polar bear (D)
  A hornet (D)
  2 blink frogs (D)
  A slime creature (D)
  A shadow (D)
  Eustachio (D)
  4 yaks (D)
  A basilisk (D)
  4 vampire mosquitoes (D)
  An acid dragon (D)
  A water moccasin (D)
  4 orc warriors (D)
  A wolf (D)
  A centaur (D)
  A kobold brigand (D)
  3 bullfrogs (D)
  A gnoll sergeant (D)
  A scorpion (D)
  A howler monkey (D)
  A hound (D)
  A jelly (D)
  3 orc priests (D)
  An orc wizard (D)
  An adder (D)
  9 orcs (D)
  A ball python (D)
  A giant cockroach (D)
  2 hobgoblins (D)
  A bat (D)
67 creatures vanquished.

Notes
Turn   | Place    | Note
-------+----------+-------------------------------------------
     0 | D        | mhtbhm the Troll Berserker began the quest for the Orb.
     0 | D        | Reached XP level 1. HP: 22/22 MP: 0/0
     8 | D        | Reached ** piety under Trog
    28 | D        | Banished a spatial maelstrom
    52 | D        | Noticed a scorpion
    52 | D        | Noticed a howler monkey
    52 | D        | Noticed a hound
    52 | D        | Noticed a jelly
    55 | D        | Reached skill level 4 in Unarmed Combat
    55 | D        | Reached XP level 2. HP: 31/31 MP: 1/1
    55 | D        | Reached *** piety under Trog
    56 | D        | Reached skill level 5 in Unarmed Combat
    56 | D        | Reached XP level 3. HP: 39/39 MP: 2/2
    61 | D        | Reached XP level 4. HP: 49/49 MP: 3/3
    65 | D        | Reached skill level 5 in Dodging
    65 | D        | Reached skill level 6 in Unarmed Combat
    65 | D        | Killed a scorpion
    66 | D        | Reached skill level 5 in Fighting
    66 | D        | Reached skill level 7 in Unarmed Combat
    66 | D        | Reached XP level 5. HP: 57/57 MP: 4/4
   111 | D        | Found a snail-covered altar of Cheibriados.
   111 | D        | Found a shadowy altar of Dithmenos.
   111 | D        | Found a white marble altar of Elyvilon.
   111 | D        | Found a blossoming altar of Fedhas.
   111 | D        | Found an opulent altar of Gozag.
   112 | D        | Found a hazy altar of Hepliaklqana.
   113 | D        | Found a viscous altar of Jiyva.
   114 | D        | Found an ancient bone altar of Kikubaaqudgha.
   115 | D        | Found a corrupted altar of Lugonu.
   116 | D        | Found a burning altar of Makhleb.
   117 | D        | Found a sparkling altar of Nemelex Xobeh.
   118 | D        | Found an iron altar of Okawaru.
   119 | D        | Found a stormy altar of Qazlal.
   120 | D        | Found a sacrificial altar of Ru.
   121 | D        | Found a shimmering blue altar of Sif Muna.
   122 | D        | Found a bloodstained altar of Trog.
   123 | D        | Found a hide-covered altar of Uskayaw.
   124 | D        | Found a radiant altar of Vehumet.
   125 | D        | Found an ornate altar of the Wu Jian Council.
   126 | D        | Found a shimmering altar of Xom.
   127 | D        | Found a basalt altar of Yredelemnul.
   128 | D        | Found a glowing silver altar of Zin.
   129 | D        | Found a glowing golden altar of the Shining One.
   154 | D        | Noticed a shadow
   154 | D        | Noticed a yak
   154 | D        | Noticed a hornet
   154 | D        | Noticed an acid dragon
   158 | D        | Killed an acid dragon
   158 | D        | Reached **** piety under Trog
   159 | D        | Reached skill level 8 in Unarmed Combat
   159 | D        | Reached XP level 6. HP: 67/67 MP: 5/5
   160 | D        | Paralysed by a hornet for 3 turns
   167 | D        | Killed a hornet
   168 | D        | Reached skill level 9 in Unarmed Combat
   210 | D        | Killed a yak
   211 | D        | Reached skill level 10 in Unarmed Combat
   211 | D        | Reached XP level 7. HP: 78/78 MP: 6/6
   217 | D        | Killed a shadow
   218 | D        | Reached skill level 11 in Unarmed Combat
   225 | D        | Reached ***** piety under Trog
   278 | D        | Noticed a troll
   278 | D        | Noticed a slime creature
   278 | D        | Noticed a tengu conjurer
   278 | D        | Noticed a fire crab
   278 | D        | Noticed a cyan ugly thing
   285 | D        | Killed a cyan ugly thing
   286 | D        | Reached skill level 12 in Unarmed Combat
   286 | D        | Reached XP level 8. HP: 65/89 MP: 7/7
   313 | D        | Noticed a merfolk
   315 | D        | Noticed an ice dragon
   315 | D        | a merfolk changed into an ice dragon
   347 | D        | Noticed a goliath frog
   353 | D        | Killed a goliath frog
   354 | D        | Reached skill level 13 in Unarmed Combat
   356 | D        | Killed a tengu conjurer
   356 | D        | Received a gift from Trog
   357 | D        | Reached skill level 10 in Dodging
   357 | D        | Reached XP level 9. HP: 98/98 MP: 8/8
   359 | D        | Reached skill level 14 in Unarmed Combat
   362 | D        | Killed a troll
   401 | D        | Noticed Psyche
   409 | D        | Killed Psyche
   595 | D        | Noticed a komodo dragon
   595 | D        | Noticed a six-headed hydra
   595 | D        | Noticed a black mamba
   600 | D        | Reached skill level 15 in Unarmed Combat
   600 | D        | Noticed a polar bear
   602 | D        | Noticed a black mamba
   616 | D        | HP: 3/100 [black mamba (14)]
   622 | D        | Killed a black mamba
   689 | D        | Received a gift from Trog
   694 | D        | Killed a 15-headed hydra
   695 | D        | Reached skill level 16 in Unarmed Combat
   695 | D        | Reached XP level 10. HP: 31/110 MP: 9/9
   774 | D        | Reached skill level 10 in Fighting
   781 | D        | Killed a black mamba
   782 | D        | Reached skill level 17 in Unarmed Combat
   830 | D        | Noticed a torpor snail
   833 | D        | Received a gift from Trog
   835 | D        | Noticed a cane toad
   837 | D        | Killed a torpor snail
   846 | D        | Killed a cane toad
   846 | D        | Reached ****** piety under Trog
   847 | D        | Reached skill level 18 in Unarmed Combat
   858 | D        | Received a gift from Trog
   859 | D        | Reached skill level 1 in Evocations
   884 | D        | Noticed a cane toad
   896 | D        | Killed a cane toad
   904 | D        | Reached skill level 19 in Unarmed Combat
   906 | D        | Received a gift from Trog
   907 | D        | Reached XP level 11. HP: 119/119 MP: 10/10
   985 | D        | Noticed Eustachio
   995 | D        | Killed Eustachio
  1076 | D        | Received a gift from Trog
  1134 | D        | Noticed an orc knight
  1138 | D        | Received a gift from Trog
  1142 | D        | Noticed an orc knight
  1157 | D        | Annihilated by an orc knight

Illustrated notes

Levels and vault maps discovered:
D:        linesprint [early_d, line_temple, items_1, d_10, items_2, lair_1,
          lair_end, items_3, orc_1, orc_end, items_4, d_15, swamp_1, shoals_1,
          snake_1, spider_1, d_20, vaults_1, items_5, swamp_end, shoals_end,
          snake_end, spider_end, vaults_end, d_27, items_6, zot_1, zot_end,
          crypt_end, forest_end, elf_end, slime_end, tomb_end, abyss_end,
          pan_hell_end]

Skill      XL: |  1  2  3  4  5  6  7  8  9 10 |
---------------+-------------------------------+-----
Fighting       | 3 4 5 6 7 8 9 10 | 10.6
Dodging        | 3 4 5 6 7 9 10 11 12 | 12.7
Unarmed Combat | 4 5 7 8 10 12 13 16 19 | 19.4
Evocations     | 1 |  1.3
Stealth        | |  0.1

Action                   |  1- 3 |  4- 6 |  7- 9 | 10-12 || total
-------------------------+-------+-------+-------+-------++-------
Melee: Unarmed           |    12 |    15 |    60 |    82 ||   169
       Punch             |       |       |     2 |     5 ||     7
Throw: Dart              |       |       |       |     1 ||     1
Invok: Berserk           |     2 |     1 |     4 |     3 ||    10
       Brothers in Arms  |       |       |       |     2 ||     2
Evoke: Wand              |       |       |     2 |       ||     2
  Use: Scroll            |       |       |     3 |       ||     3
       Potion            |       |       |     2 |       ||     2
Armor: Animal skin       |     1 |     2 |     6 |       ||     9
       Robe              |       |       |    10 |    16 ||    26
Dodge: Dodged            |     9 |     5 |    45 |    34 ||    93

Table legend: (Time is in decaauts)
 A = Elapsed time spent in this place.
 B = Non-inter-level travel time spent in this place.
 C = Inter-level travel time spent in this place.
 D = Time resting spent in this place.
 E = Time spent auto-exploring this place.
 F = Levels seen in this place.
 G = Mean time per level.
                   A        B        C        D        E       F      G
               +--------+--------+--------+--------+--------+-----+--------+
         Total |   1193 |   1193 |      0 |    502 |     86 |   1 | 1193.0 |
       Dungeon |   1193 |   1193 |      0 |    502 |     86 |   1 | 1193.0 |
               +--------+--------+--------+--------+--------+-----+--------+

Top non-repeatable levels by time:
       D: 1193 daAuts
